 Dungeon Crawl Stone Soup version 0.31.0-9-g3a7656b989 (webtiles) character file.

Game seed: 7077768045544397859

1091 qw the Skirmisher (level 8, -9/45 HPs)
             Began as a Deep Elf Hunter on Feb 2, 2024.
             Mangled by Duvessa
             ... wielding a +0 rapier
              (12 damage)
             ... on level 6 of the Dungeon.
             The game lasted 00:00:38 (4777 turns).

qw the Skirmisher (Deep Elf Hunter)                 Turns: 4777, Time: 00:00:39

Health: -9/45      AC:  7    Str: 18    XL:     8   Next: 9%
Magic:  10/10      EV: 18    Int: 15    God:
Gold:   170        SH:  5    Dex: 18    Spells: 7/7 levels left

rFire   . . .        c - +0 orcbow
rCold   . . .        (shield currently unavailable)
rNeg    . . .        g - +1 ring mail
rPois   .            h - +0 hat "Cuorch" {Str+2}
rElec   .            (no cloak)
rCorr   .            (no gloves)
SInv    .            i - +0 pair of boots
Will    .....        b - amulet of reflection
Stlth   +            j - +5 ring of evasion
HPRegen 0.27/turn    a - +6 ring of strength
MPRegen 0.12/turn

%: reflection
@: no status effects
A: no striking features
a: no special abilities


You were on level 6 of the Dungeon.
You visited 2 branches of the dungeon, and saw 7 of its levels.

You collected 256 gold pieces.
You spent 86 gold pieces at shops.


   Skills:
 + Level 2.5 Fighting
 - Level 12.0 Ranged Weapons
 - Level 1.9 Armour
 - Level 4.1 Dodging
 - Level 1.2 Stealth


You had 7 spell levels left.
You didn't know any spells.
Your spell library was empty.

Inventory:

Hand Weapons
 c - a +0 orcbow (weapon)
Armour
 g - a +1 ring mail (worn)
 h - the +0 hat "Cuorch" (worn) {Str+2}
   (You acquired it on level 5 of the Dungeon)

   Str+2:     It affects your strength (+2).
 i - a +0 pair of boots (worn)
Jewellery
 a - a +6 ring of strength (right hand)
 b - an amulet of reflection (around neck)
 j - a +5 ring of evasion (left hand)
Wands
 l - a wand of digging (5)
Potions
 d - a potion of enlightenment
 e - 2 potions of curing
 k - a potion of mutation
 m - a potion of cancellation {unknown}

Dungeon Overview and Level Annotations

Branches:
Dungeon (6/15)             Temple (1/1) D:5

Altars:
Ashenzari
Cheibriados
Fedhas
Gozag
Hepliaklqana
Kikubaaqudgha
Makhleb
Qazlal
Sif Muna
Trog
Vehumet
Wu Jian
Xom
Yredelemnul
Zin

Shops:
D:2 *

Annotations:
D:3 1 runed translucent door, Crazy Yiuf
D:5 2 transporters, qw's ghost, novice SpHu
D:6 Duvessa


Message History

You shoot an arrow.
The arrow hits Duvessa but does no damage.
You shoot an arrow. The arrow barely misses Duvessa.
You shoot an arrow. The arrow hits Dowan.
Dowan is heavily wounded.
You shoot an arrow. The arrow closely misses Duvessa.
The arrow hits Dowan!
You kill Dowan!
Duvessa weeps, and shakes her weapon.
Duvessa goes berserk!
Your Ranged Weapons skill increases to level 12!
You shoot an arrow. The arrow hits Duvessa.
Duvessa is lightly wounded.
Duvessa misses you. Duvessa closely misses you.
You shoot an arrow. The arrow hits Duvessa!
Duvessa is moderately wounded.
Duvessa hits you with a +0 rapier.
An iguana comes into view.
You shoot an arrow. The arrow hits Duvessa!
Duvessa is moderately wounded.
Duvessa hits you with a +0 rapier! Duvessa barely misses you.
4770 ||| RETREEEEATING.
You shoot an arrow.
The arrow hits Duvessa but does no damage.
Duvessa is moderately wounded.
Duvessa misses you. Duvessa hits you with a +0 rapier!
4772 ||| RETREEEEATING.
Duvessa attacks as she pursues you! Duvessa barely misses you.
4773 ||| RETREEEEATING.
Duvessa hits you with a +0 rapier!
4774 ||| DRINKING potion of heal wounds.
You feel much better. Duvessa hits you with a +0 rapier!
4775 ||| RETREEEEATING.
Duvessa hits you with a +0 rapier!
You shoot an arrow. The arrow barely misses Duvessa.
Duvessa hits you with a +0 rapier.
You shoot an arrow. The arrow hits Duvessa!
Duvessa is heavily wounded.
Duvessa hits you with a +0 rapier!
You die...

#..........
#.#.#.#.#.#.
####..)........
....#.#.#.#.#
#.........#
#.#.#.#.#.#
#.(...l...#
###..###.##
##############le@..#
...............#####
################


You could see Duvessa (berserk) and an iguana.

Vanquished Creatures
  A black bear (D:5)
  3 ogres (D:4)
  3 phantoms (D:4)
  A scorpion (D:5)
  Dowan (D:6)
  A hound (D:5)
  2 orc priests (D:5)
  4 orc wizards (D:5)
  An iguana (D:4)
  4 gnolls (D:5)
  4 adders (D:2)
  A dart slug (D:1)
  A ribbon worm (D:3)
  17 orcs
  9 ball pythons
  6 bats
  7 endoplasms
  5 giant cockroaches
  7 goblins
  3 hobgoblins (D:2)
  2 jackals (D:2)
  3 quokkas
  2 frilled lizards
  10 kobolds
  8 rats
106 creatures vanquished.

Vanquished Creatures (others)
  A bombardier beetle (D:4)
1 creature vanquished.

Grand Total: 107 creatures vanquished

Notes
Turn   | Place    | Note
-------+----------+-------------------------------------------
     0 | D:1      | qw the Deep Elf Hunter began the quest for the Orb.
     0 | D:1      | Reached XP level 1. HP: 12/12 MP: 3/3
     0 | D:1      | 0 ||| qw: Version: 0.3-a-155-g5e7d8dd
     0 | D:1      | 0 ||| qw: Game counter: 709
     0 | D:1      | 0 ||| qw: Melee chars always use a shield: true
     0 | D:1      | 0 ||| qw: God list: Okawaru
     0 | D:1      | 0 ||| qw: Allow faded altars: false
     0 | D:1      | 0 ||| qw: Do Orc after clearing Dungeon:15 true
     0 | D:1      | 0 ||| qw: Do second Lair branch before Depths: true
     0 | D:1      | 0 ||| qw: Lair rune preference: random
     0 | D:1      | 0 ||| qw: Goals: Normal
     0 | D:1      | 0 ||| PLANNING D:1-11
   243 | D:1      | Found a faded altar of an unknown god.
   246 | D:1      | Reached XP level 2. HP: 16/16 MP: 4/4
   248 | D:1      | Reached skill level 6 in Ranged Weapons
   591 | D:1      | 591 ||| UPGRADING to +0 ring mail.
   601 | D:1      | 601 ||| DROPPING +0 leather armour.
   602 | D:1      | 602 ||| READING scroll labelled JECOBU ICSUKKU.
   603 | D:1      | 603 ||| DROPPING scroll of butterflies.
   762 | D:2      | Reached XP level 3. HP: 20/20 MP: 5/5
   923 | D:2      | Found Xirheg's Assorted Antiques.
   930 | D:2      | 930 ||| BUYING 2 purple potions (32 gold).
   930 | D:2      | Bought 2 purple potions for 32 gold pieces
   930 | D:2      | 930 ||| SHOPLISTING bloodstained sling (117 gold, have 73).
   930 | D:2      | 930 ||| BUYING scroll labelled BYJOYC XORI (18 gold).
   930 | D:2      | Bought a scroll labelled BYJOYC XORI for 18 gold pieces
   930 | D:2      | 930 ||| BUYING scroll labelled DYM ILUFIFEE (18 gold).
   930 | D:2      | Bought a scroll labelled DYM ILUFIFEE for 18 gold pieces
   930 | D:2      | 930 ||| BUYING scroll labelled ZIATAT XINLIS (18 gold).
   930 | D:2      | Bought a scroll labelled ZIATAT XINLIS for 18 gold pieces
   930 | D:2      | 930 ||| SHOPLISTING twisted garnet ring (90 gold, have 19).
   976 | D:2      | Reached skill level 7 in Ranged Weapons
  1295 | D:2      | Reached XP level 4. HP: 25/25 MP: 6/6
  1641 | D:2      | 1641 ||| UPGRADING to amulet of reflection.
  1646 | D:2      | 1646 ||| READING scroll labelled JODEUX HAYNARR.
  1646 | D:2      | 1646 ||| ENCHANTING +0 ring mail.
  1647 | D:2      | 1647 ||| READING scroll labelled QETINA KOAM.
  1648 | D:2      | 1648 ||| READING scroll labelled BYJOYC XORI.
  1648 | D:2      | 1648 ||| BRANDING +0 shortbow.
  1649 | D:2      | 1649 ||| READING scroll labelled DYM ILUFIFEE.
  1649 | D:2      | 1649 ||| IDENTIFYING brown potion
  1650 | D:2      | 1650 ||| READING scroll labelled ZIATAT XINLIS.
  1653 | D:2      | 1653 ||| DRINKING 3 purple potions.
  1809 | D:3      | Identified the +3 hand axe "Gyfiasch" {venom, *Slow Fly
                  | Will+ Dex+2 Stlth+}
  1989 | D:3      | Reached skill level 8 in Ranged Weapons
  2406 | D:3      | Found a runed translucent door.
  2407 | D:3      | Noticed Crazy Yiuf
  2500 | D:3      | Found a faded altar of an unknown god.
  2504 | D:3      | Found a bloodstained altar of Trog.
  2685 | D:3      | 2685 ||| UPGRADING to +5 ring of evasion.
  2686 | D:3      | 2686 ||| READING scroll labelled PESESHE ON NUR.
  2687 | D:3      | 2687 ||| READING scroll labelled ZUIGEGR WIEGH.
  2688 | D:3      | 2688 ||| DRINKING 2 fizzy yellow potions.
  2689 | D:3      | 2689 ||| DROPPING potion of brilliance.
  2752 | D:4      | Reached XP level 5. HP: 29/29 MP: 7/7
  2766 | D:4      | You fall into a shaft and drop 1 floor!
  2766 | D:5      | Entered Level 5 of the Dungeon
  2768 | D:5      | Found a transporter.
  2769 | D:5      | Noticed a black bear
  2770 | D:5      | 2770 ||| DRINKING 2 potions of haste.
  2777 | D:5      | Killed a black bear
  2778 | D:5      | Reached skill level 9 in Ranged Weapons
  2780 | D:5      | 2780 ||| DROPPING ring of magical power.
  2781 | D:5      | 2781 ||| READING scroll of identify.
  2781 | D:5      | 2781 ||| IDENTIFYING coppery potion
  2782 | D:5      | Noticed qw's ghost (novice SpHu)
  2813 | D:3      | 2813 ||| Stepping randomly (stuck).
  2814 | D:3      | 2814 ||| Stepping randomly (stuck).
  2815 | D:3      | 2815 ||| Stepping randomly (stuck).
  2816 | D:3      | 2816 ||| Stepping randomly (stuck).
  2817 | D:3      | 2817 ||| Stepping randomly (stuck).
  2818 | D:3      | 2818 ||| Stepping randomly (stuck).
  2819 | D:3      | 2819 ||| Stepping randomly (stuck).
  2820 | D:3      | 2820 ||| Stepping randomly (stuck).
  2821 | D:3      | 2821 ||| Stepping randomly (stuck).
  2822 | D:3      | 2822 ||| Stepping randomly (stuck).
  2823 | D:3      | 2823 ||| Stepping randomly (stuck).
  2824 | D:3      | 2824 ||| Stepping randomly (stuck).
  2825 | D:3      | 2825 ||| Stepping randomly (stuck).
  2826 | D:3      | 2826 ||| Stepping randomly (stuck).
  2827 | D:3      | 2827 ||| Stepping randomly (stuck).
  2828 | D:3      | 2828 ||| Stepping randomly (stuck).
  2829 | D:3      | 2829 ||| Stepping randomly (stuck).
  2830 | D:3      | 2830 ||| Stepping randomly (stuck).
  2831 | D:3      | 2831 ||| Stepping randomly (stuck).
  2832 | D:3      | 2832 ||| Stepping randomly (stuck).
  2833 | D:3      | 2833 ||| Stepping randomly (stuck).
  2834 | D:3      | 2834 ||| Stepping randomly (stuck).
  2835 | D:3      | 2835 ||| Stepping randomly (stuck).
  2836 | D:3      | 2836 ||| Stepping randomly (stuck).
  2837 | D:3      | 2837 ||| Stepping randomly (stuck).
  2838 | D:3      | 2838 ||| Stepping randomly (stuck).
  2839 | D:3      | 2839 ||| Stepping randomly (stuck).
  2840 | D:3      | 2840 ||| Stepping randomly (stuck).
  2841 | D:3      | 2841 ||| Stepping randomly (stuck).
  2842 | D:3      | 2842 ||| Stepping randomly (stuck).
  2843 | D:3      | 2843 ||| Stepping randomly (stuck).
  2844 | D:3      | 2844 ||| Stepping randomly (stuck).
  2845 | D:3      | 2845 ||| Stepping randomly (stuck).
  2846 | D:3      | 2846 ||| Stepping randomly (stuck).
  2847 | D:3      | 2847 ||| Stepping randomly (stuck).
  2848 | D:3      | 2848 ||| Stepping randomly (stuck).
  2849 | D:3      | 2849 ||| Stepping randomly (stuck).
  2850 | D:3      | 2850 ||| Stepping randomly (stuck).
  2851 | D:3      | 2851 ||| Stepping randomly (stuck).
  2852 | D:3      | 2852 ||| Stepping randomly (stuck).
  2853 | D:3      | 2853 ||| Stepping randomly (stuck).
  2854 | D:3      | 2854 ||| Stepping randomly (stuck).
  2855 | D:3      | 2855 ||| Stepping randomly (stuck).
  2856 | D:3      | 2856 ||| Stepping randomly (stuck).
  2857 | D:3      | 2857 ||| Stepping randomly (stuck).
  2858 | D:3      | 2858 ||| Stepping randomly (stuck).
  2859 | D:3      | 2859 ||| Stepping randomly (stuck).
  2860 | D:3      | 2860 ||| Stepping randomly (stuck).
  2861 | D:3      | 2861 ||| Stepping randomly (stuck).
  2862 | D:3      | 2862 ||| Stepping randomly (stuck).
  2863 | D:3      | 2863 ||| Stepping randomly (stuck).
  2864 | D:3      | 2864 ||| READING scroll of teleportation.
  2986 | D:4      | Noticed an ogre
  2987 | D:4      | 2987 ||| DRINKING potion of haste.
  2994 | D:4      | HP: 4/29 [ogre/+0 giant club (7)]
  3000 | D:4      | Killed an ogre
  3001 | D:4      | Reached XP level 6. HP: 7/36 MP: 8/8
  3159 | D:4      | Found a radiant altar of Vehumet.
  3171 | D:4      | Reached skill level 10 in Ranged Weapons
  3359 | D:4      | Found a stormy altar of Qazlal.
  3371 | D:4      | Found a hazy altar of Hepliaklqana.
  3488 | D:4      | Reached skill level 3 in Dodging
  3488 | D:4      | Reached XP level 7. HP: 29/40 MP: 9/9
  3631 | D:4      | 3631 ||| UPGRADING to +0 pair of boots.
  3636 | D:4      | 3636 ||| READING 2 scrolls of identify.
  3636 | D:4      | 3636 ||| IDENTIFYING bubbling red potion
  3637 | D:4      | 3637 ||| READING scroll of identify.
  3637 | D:4      | 3637 ||| IDENTIFYING cyan potion
  3638 | D:4      | 3638 ||| READING scroll labelled GUBBIPH AT OLA.
  3639 | D:4      | 3639 ||| DROPPING potion of attraction.
  3696 | D:5      | 3696 ||| SWAPPING to +0 orcbow.
  3702 | D:5      | 3702 ||| DROPPING +0 shortbow of freezing.
  3729 | D:5      | 3729 ||| FLEEEEING.
  3730 | D:5      | 3730 ||| FLEEEEING.
  3731 | D:5      | 3731 ||| FLEEEEING.
  3732 | D:5      | 3732 ||| FLEEEEING.
  3733 | D:5      | 3733 ||| FLEEEEING.
  3734 | D:5      | 3734 ||| FLEEEEING.
  3736 | D:5      | 3736 ||| FLEEEEING.
  3737 | D:5      | 3737 ||| FLEEEEING.
  3738 | D:5      | 3738 ||| FLEEEEING.
  3739 | D:5      | 3739 ||| FLEEEEING.
  3740 | D:5      | 3740 ||| FLEEEEING.
  3741 | D:5      | 3741 ||| FLEEEEING.
  3742 | D:5      | 3742 ||| FLEEEEING.
  3743 | D:5      | 3743 ||| FLEEEEING.
  3744 | D:5      | 3744 ||| FLEEEEING.
  3745 | D:5      | 3745 ||| FLEEEEING.
  3746 | D:5      | 3746 ||| STAIRDANCE
  3765 | D:5      | 3765 ||| STAIRDANCE
  3765 | D:5      | HP: 10/40 [ogre/+0 giant club (19)]
  3770 | D:4      | Reached skill level 1 in Armour
  3900 | D:5      | Found a transporter.
  3927 | D:5      | 3927 ||| FLEEEEING.
  3928 | D:5      | 3928 ||| FLEEEEING.
  3929 | D:5      | 3929 ||| FLEEEEING.
  3930 | D:5      | 3930 ||| FLEEEEING.
  3931 | D:5      | 3931 ||| FLEEEEING.
  3932 | D:5      | 3932 ||| FLEEEEING.
  3933 | D:5      | 3933 ||| FLEEEEING.
  3934 | D:5      | 3934 ||| FLEEEEING.
  3935 | D:5      | 3935 ||| FLEEEEING.
  3936 | D:5      | 3936 ||| FLEEEEING.
  3937 | D:5      | 3937 ||| FLEEEEING.
  3938 | D:5      | 3938 ||| FLEEEEING.
  3939 | D:5      | 3939 ||| FLEEEEING.
  3940 | D:5      | 3940 ||| FLEEEEING.
  3941 | D:5      | 3941 ||| FLEEEEING.
  3942 | D:5      | 3942 ||| FLEEEEING.
  3943 | D:5      | 3943 ||| FLEEEEING.
  3944 | D:5      | 3944 ||| FLEEEEING.
  3945 | D:5      | 3945 ||| FLEEEEING.
  3946 | D:5      | 3946 ||| FLEEEEING.
  3947 | D:5      | 3947 ||| FLEEEEING.
  3950 | D:5      | 3950 ||| FLEEEEING.
  3951 | D:5      | 3951 ||| FLEEEEING.
  3952 | D:5      | 3952 ||| STAIRDANCE
  3998 | D:4      | 3998 ||| UPGRADING to +6 ring of strength.
  4001 | D:5      | 4001 ||| STAIRDANCE
  4021 | D:5      | Reached skill level 11 in Ranged Weapons
  4145 | D:5      | Found a staircase to the Ecumenical Temple.
  4146 | D:5      | 4146 ||| PLANNING TEMPLE
  4153 | D:5      | 4153 ||| FLEEEEING.
  4154 | D:5      | 4154 ||| FLEEEEING.
  4155 | D:5      | 4155 ||| FLEEEEING.
  4203 | Temple   | Entered the Ecumenical Temple
  4204 | Temple   | 4204 ||| PLANNING D:1-11
  4330 | D:5      | Found a burning altar of Makhleb.
  4333 | D:5      | Reached XP level 8. HP: 45/45 MP: 10/10
  4443 | D:5      | Found an ornate altar of the Wu Jian Council.
  4560 | D:5      | 4560 ||| READING scroll of identify.
  4560 | D:5      | 4560 ||| IDENTIFYING viscous silvery potion
  4561 | D:5      | 4561 ||| READING 2 scrolls labelled ERPHOU YQON.
  4662 | D:5      | 4662 ||| READING scroll labelled YPLERE LUGRERR.
  4662 | D:5      | Identified a scroll of acquirement
  4662 | D:5      | 4662 ||| ACQUIRING +0 hat "Cuorch" {Str+2}
  4662 | D:5      | Acquired the +0 hat "Cuorch" {Str+2}
  4664 | D:5      | 4664 ||| UPGRADING to +0 hat "Cuorch" {Str+2}.
  4669 | D:5      | 4669 ||| DRINKING 2 sapphire potions.
  4670 | D:5      | 4670 ||| DROPPING potion of invisibility.
  4671 | D:5      | 4671 ||| DROPPING scroll of vulnerability.
  4758 | D:6      | Noticed Dowan
  4759 | D:6      | Noticed Duvessa
  4766 | D:6      | Killed Dowan
  4767 | D:6      | Reached skill level 12 in Ranged Weapons
  4770 | D:6      | 4770 ||| RETREEEEATING.
  4772 | D:6      | 4772 ||| RETREEEEATING.
  4773 | D:6      | 4773 ||| RETREEEEATING.
  4773 | D:6      | HP: 11/45 [Duvessa/+0 rapier (10)]
  4774 | D:6      | 4774 ||| DRINKING potion of heal wounds.
  4775 | D:6      | 4775 ||| RETREEEEATING.
  4776 | D:6      | HP: 2/45 [Duvessa/+0 rapier (6)]
  4777 | D:6      | Mangled by Duvessa

Levels and vault maps discovered:
D:1:      dpeg_arrival_short_road, layout_basic,
          hellmonk_ecumenical_altar_crossroads
D:2:      layout_loops_corners, serial_shops, shop, minmay_quadrilaterals
D:3:      layout_basic, nicolae_overflow_ecumenical_swirl, eino_curves_03,
          minmay_stone_trees_large, uniq_crazy_yiuf_cottage
D:4:      layout_basic, nicolae_vehumet_radiance,
          worldfamousw_hep_ancestral_shrine, nicolae_qazlal_eye_of_the_storm
D:5:      layout_rooms, nicolae_wu_jian_immortal_techniques,
          makhleb_heckhound_becter, minmay_temple_entry_mist,
          gammafunk_ghost_stat_death, chequers_serial_rivers_large_a
D:6:      kennysheep_kobold_camp, layout_basic, serial_glass, glass_columns_c,
          glass_columns_c, glass_columns_a, glass_columns_a, uniq_duvessa
Temple:   hellmonk_temple_beads

Skill      XL: |  1  2  3  4  5  6  7  8 |
---------------+-------------------------+-----
Ranged Weapons | 6 7 8 9 10 11 12 | 12.0
Fighting       | 2 |  2.5
Dodging        | 3 4 |  4.1
Armour         | 1 |  1.9
Stealth        | |  1.2

Action                     |  1- 3 |  4- 6 |  7- 9 || total
---------------------------+-------+-------+-------++-------
   Fire: Shortbow          |   132 |   119 |     4 ||   255
         Orcbow            |       |       |   132 ||   132
    Use: Scroll            |     1 |     9 |     6 ||    16
         Potion            |       |     4 |     2 ||     6
 Armour: Leather armour    |     2 |       |       ||     2
         Ring mail         |    26 |    15 |    45 ||    86
  Dodge: Dodged            |    51 |    17 |    23 ||    91
  Block: Other             |       |     5 |     7 ||    12
         Reflection        |       |     1 |     1 ||     2

Table legend:
 A = Non-vault XP
 B = Vault XP
 C = Vault XP percentage of total XP
 D = Non-vault monster count
 E = Vault monster count
 F = Vault count percentage of total count
                 A         B        C        D         E       F
            +---------+---------+-------+---------+---------+-------
      Total |    1413 |     146 |   9.4 |      99 |       8 |   7.5
            +---------+---------+-------+---------+---------+-------
        D:1 |      31 |       0 |   0.0 |      17 |       0 |   0.0
        D:2 |      56 |      32 |  36.4 |      19 |       6 |  24.0
        D:3 |      40 |       0 |   0.0 |      23 |       0 |   0.0
        D:4 |     757 |       0 |   0.0 |      15 |       0 |   0.0
        D:5 |     529 |      45 |   7.8 |      25 |       1 |   3.8
        D:6 |       0 |      69 | 100.0 |       0 |       1 | 100.0
            +---------+---------+-------+---------+---------+-------
